 Dungeon Crawl Stone Soup version 0.27-a0-1359-ga2a4dfd6fd (webtiles) character file.

Game seed: 12991320097114955415

81 ABBCCCDDDD the Ducker (level 4, -5/34 HPs)
             Began as a Djinni Fire Elementalist on June 28, 2021.
             Slain by an iguana (7 damage)
             ... on level 3 of the Dungeon.
             The game lasted 00:05:04 (2608 turns).

ABBCCCDDDD the Ducker (Djinni Fire Elementalist)    Turns: 2608, Time: 00:05:04

Health: -5/34      AC:  3    Str:  8    XL:     4   Next: 68%
Gold:   117        EV: 13    Int: 16    God:
                   SH:  5    Dex: 14

rFire    + + +     SeeInvis .   r - staff of conjuration
rCold    x x x     Faith    .   (no shield)
rNeg     . . .     Spirit   .   a - +0 robe
rPois    ∞         Reflect  +   (no helmet)
rElec    .         Harm     .   e - +0 cloak
rCorr    .         Rampage  .   (no gloves)
Will     .....                  (boots unavailable)
Stlth    ++........             g - amulet of reflection
HPRegen  0.11/turn              c - ring of fire
MPRegen  0.00/turn              i - ring of fire

@: flying
A: sickness immunity, fire resistance 2, cold vulnerability 1, float, innate
caster, hp casting, extra vitality 1
a: no special abilities


You were on level 3 of the Dungeon.
You visited 1 branch of the dungeon, and saw 3 of its levels.

You collected 117 gold pieces.

Inventory:

Hand Weapons
 b - a +0 quarterstaff
Armour
 a - a +0 robe (worn)
 e - a +0 cloak (worn)
 h - a +0 scale mail
 j - a +0 scale mail
 k - a +0 ring mail
Magical Staves
 r - a staff of conjuration (weapon)
Jewellery
 c - a ring of fire (left hand)
 g - an amulet of reflection (around neck)
 i - a ring of fire (right hand)
Scrolls
 d - a scroll of teleportation
 m - a scroll of identify {unknown}
Potions
 f - a potion of curing {unknown}
 l - a potion of resistance {unknown}
 n - a potion of brilliance {unknown}
 o - a potion of might {unknown}
 p - a potion of flight {unknown}
 q - a potion of invisibility {unknown}


   Skills:
 * Level 2.6 Fighting
 + Level 1.7 Armour
 + Level 3.0 Dodging
 - Level 1.5 Stealth
 - Level 2.4 Spellcasting


You couldn't memorise any spells.
You knew the following spells:

 Your Spells              Type           Power      Damage    Failure   Level
a - Foxfire               Conj/Fire      100%       2x1d9     8%          1
b - Conjure Flame         Conj/Fire      32%        6-21      22%         3
c - Inner Flame           Hex/Fire       21%        N/A       22%         3
d - Sticky Flame          Conj/Fire      32%        2d5       58%         4
e - Fireball              Conj/Fire      16%        3d8       90%         5
f - Animate Skeleton      Necr           18%        N/A       8%          1
Your spell library was empty.

Dungeon Overview and Level Annotations

Branches:
Dungeon (3/15)

Altars:

Shops:
D:1 =

Annotations:
D:2 Robin


Innate Abilities, Weirdness & Mutations

You are immune to sickness and miasma.
You are immune to poison.
Your flesh is very heat resistant. (rF++)
You are vulnerable to cold. (rC-)
You float through the air rather than walking.
You learn spells naturally, not from books.
Your magical power is your life essence.
You have superior vitality. (+4 HP)


Message History

Confirm with . or Enter, or press ? or * to list all spells.
Okay, then.
Casting: Foxfire (safe; 8% risk of failure)
Confirm with . or Enter, or press ? or * to list all spells.
You feel a huge surge of power!
You conjure some foxfire!
The iguana completely misses you.
The foxfire hits the iguana but does no damage.
The foxfire hits the iguana.
The iguana is moderately wounded.
The iguana bites you!
Casting: Foxfire (safe; 8% risk of failure)
Confirm with . or Enter, or press ? or * to list all spells.
You feel a huge surge of power!
You conjure some foxfire!
The iguana bites you but does no damage.
The foxfire hits the iguana but does no damage.
The iguana is moderately wounded.
The foxfire hits the iguana.
The iguana is heavily wounded.
You block the iguana's attack.
Casting: Foxfire (safe; 8% risk of failure)
Confirm with . or Enter, or press ? or * to list all spells.
You feel a huge surge of power!
You conjure some foxfire!
The iguana bites you!
* * * LOW HITPOINT WARNING * * *
The foxfire hits the iguana.
The iguana is heavily wounded.
The foxfire hits the iguana.
The iguana is severely wounded.
The iguana barely misses you.
Casting: Foxfire (safe; 8% risk of failure)
Confirm with . or Enter, or press ? or * to list all spells.
You feel a huge surge of power!
You conjure some foxfire!
* * * LOW HITPOINT WARNING * * *
The iguana bites you!
* * * LOW HITPOINT WARNING * * *
The foxfire hits the iguana but does no damage.
The iguana is severely wounded.
The foxfire hits the iguana.
The iguana is severely wounded.
The iguana bites you!
You die...

.............########
#.....#.#.#
.............+.......
+.....'...>
####..#......#....#
#.....###.#
.......#####......#
####### #.#
#####......##.....# #+##
#..
.....#.###.##.....#.....
#.. ..#..#.#
#.##.....#..... #.#
...##..# #.....§........
#.# .......#
#......@....... #.#
#....### #......l.......
#.# .....#
.......#..#...... #.#
....###.......##.#......
#.# #...# #.......##.#
..... #.# #####
#.......##.# ..... #
#.....####...##... #
..... ....# ... # .....#


You could see an iguana.

Vanquished Creatures
  3 adders (D:2)
  3 dart slugs (D:2)
  3 ball pythons (D:1)
  3 endoplasms
  A giant cockroach (D:1)
  2 goblins
  4 hobgoblins
  6 jackals (D:1)
  5 quokkas
  4 bats
  3 frilled lizards
  6 kobolds
  3 rats
46 creatures vanquished.

Vanquished Creatures (others)
  139 foxfires
139 creatures vanquished.

Grand Total: 185 creatures vanquished

Notes
Turn   | Place    | Note
-------+----------+-------------------------------------------
     0 | D:1      | ABBCCCDDDD the Djinni Fire Elementalist began the quest for
                  | the Orb.
     0 | D:1      | Reached XP level 1. HP: 15/15 MP: 0/0
   301 | D:1      | Reached XP level 2. HP: 21/22 MP: 0/0
   307 | D:1      | Reached skill level 1 in Fighting
   536 | D:1      | Found Roezael's Jewellery Shop.
   833 | D:1      | Reached skill level 1 in Armour
   833 | D:1      | Reached XP level 3. HP: 21/27 MP: 0/0
   833 | D:1      | Learned a level 1 spell: Animate Skeleton
  1651 | D:2      | Reached XP level 4. HP: 24/33 MP: 0/0
  1652 | D:2      | Noticed Robin
  1883 | D:2      | Reached skill level 3 in Dodging
  2333 | D:2      | Noticed an ogre
  2608 | D:3      | Slain by an iguana

Illustrated notes

Levels and vault maps discovered:
D:1:      minmay_arrival_doors, layout_rooms, serial_shops, shop
D:2:      layout_loops_cross, uniq_robin
D:3:      layout_basic, hellmonk_ecumenical_altar_defaced_shrine,
          kennysheep_small_spiral, minmay_curled_crystal,
          hangedman_abyss_or_decor_lesser_grid, minmay_pentomino_pile

Skill      XL: |  1  2  3  4 |
---------------+-------------+-----
Fighting       | 1 2 |  2.6
Armour         | 1 |  1.7
Dodging        | 3 |  3.0
Stealth        | |  1.5
Spellcasting   | |  2.4

Action                   |  1- 3 |  4- 6 || total
-------------------------+-------+-------++-------
Melee: Quarterstaff      |     4 |       ||     4
 Cast: Foxfire           |    65 |    36 ||   101
       Conjure Flame     |       |     1 ||     1
  Use: Scroll            |       |     1 ||     1
Armor: Robe              |     3 |     2 ||     5
Dodge: Dodged            |    12 |    13 ||    25
Block: Other             |     2 |     4 ||     6

Table legend: (Time is in decaauts)
 A = Elapsed time spent in this place.
 B = Non-inter-level travel time spent in this place.
 C = Inter-level travel time spent in this place.
 D = Time resting spent in this place.
 E = Time spent auto-exploring this place.
 F = Levels seen in this place.
 G = Mean time per level.
                   A        B        C        D        E       F      G
               +--------+--------+--------+--------+--------+-----+--------+
         Total |   2607 |   2543 |     64 |    269 |   1822 |   3 |  869.0 |
       Dungeon |   2607 |   2543 |     64 |    269 |   1822 |   3 |  869.0 |
               +--------+--------+--------+--------+--------+-----+--------+

Top non-repeatable levels by time:
     D:1: 1268 daAuts
     D:2: 1131 daAuts
     D:3: 207 daAuts
